 Dungeon Crawl Stone Soup version 0.19-a0-1111-gcceb26a (webtiles) character file.

51 Leszczynek the Ducker (level 3, -4/24 HPs)
             Began as a High Elf Gladiator on Aug 10, 2016.
             Killed from afar by Natasha (6 damage)
             ... with a magic dart
             ... on level 3 of the Dungeon.
             The game lasted 00:05:08 (1472 turns).

Leszczynek the Ducker (High Elf Gladiator)          Turns: 1472, Time: 00:05:08

Health: -4/24      AC:  7    Str: 14    XL:     3   Next: 57%
Magic:  4/4        EV: 12    Int: 13    God:
Gold:   83         SH:  0    Dex: 15    Spells: 0 memorised, 2 levels left

rFire  . . .     SeeInvis .     a - +0 quarterstaff
rCold  . . .     Gourm    .     m - +0 ring mail
rNeg   . . .     Faith    .     (shield currently unavailable)
rPois  .         Spirit   .     c - +0 helmet
rElec  .         Dismiss  .     (no cloak)
rCorr  .         Reflect  .     (no gloves)
SustAt .         Harm     .     o - +0 pair of boots
MR     .....                    (no amulet)
Stlth  ++........               (no ring)
                                (no ring)

@: very slightly contaminated, hasted, very quick
A: no striking features
a: no special abilities


You were on level 3 of the Dungeon.
You were not hungry.

You visited 1 branch of the dungeon, and saw 3 of its levels.

You collected 83 gold pieces.

Inventory:

Hand Weapons
 a - a +0 quarterstaff (weapon)
Missiles
 d - 3 throwing nets (quivered)
 h - 24 arrows
 n - 5 sling bullets
Armour
 c - a +0 helmet (worn)
 g - a +0 shield
 m - a +0 ring mail (worn)
 o - a +0 pair of boots (worn)
Jewellery
 e - a +3 ring of dexterity {unknown}
Scrolls
 b - a scroll of magic mapping {unknown}
 l - 2 scrolls of identify {unknown}
 q - a scroll of fog {unknown}
Potions
 j - a potion of magic
Comestibles
 f - 2 bread rations
 i - 2 meat rations
 k - 2 chunks of flesh
 p - a slice of pizza


   Skills:
 + Level 2.0 Fighting
 * Level 3.4 Staves
 - Level 2.0 Throwing
 + Level 3.4 Dodging
 - Level 3.1 Stealth


You had 2 spell levels left.
You didn't know any spells.

Dungeon Overview and Level Annotations

Branches:
Dungeon (3/15)

Altars:
Okawaru

Annotations:
D:1 halberd gnoll
D:2 exclusions: adder and goblin
D:3 exclusions: 2 orcs and orc wizard, Natasha


Message History

The giant cockroach bites you but does no damage.
Unknown command.
You hit the giant cockroach.
The giant cockroach is severely wounded.
You feel less confused. Something barely misses you.
Unknown command.
You miss something. The giant cockroach barely misses you.
The orc barely misses you. The worm closely misses you.
Unknown command.
You miss something. The giant cockroach closely misses you. Something hits you.
* * * LOW HITPOINT WARNING * * *
Unknown command.
The giant cockroach bites you.
* * * LOW HITPOINT WARNING * * *
A puff of flame appears from out of thin air!
The puff of flame misses you. Natasha casts a spell at you.
The magic dart hits you!
You die...

#....................# ###
#......###+#####.....# +..
#..........##........# ##w
#................5...# #.
#.........<.....oh...## ###(
#.....................#######)..
#.......)...................†#..
#......####..[...............#..
#....### #....@.so.w........#..
#....# #...##...#..(......#..
#....# #...##...#.........#..
#....# ###############....#..
###### #....#.. #....#..
#....#.. #....#.. #....###


You could see a worm, Natasha, a shadow imp, 2 orcs and a giant cockroach.

Vanquished Creatures
  2 adders (D:3)
  An orc (D:3)
  2 hobgoblins
  4 jackals (D:1)
  A quokka (D:2)
  A ball python (D:1)
  A bat (D:1)
  2 giant newts
  7 goblins
  7 kobolds
  4 rats
32 creatures vanquished.

Notes
Turn   | Place    | Note
-------+----------+-------------------------------------------
     0 | D:1      | Leszczynek the High Elf Gladiator began the quest for the Orb.
     0 | D:1      | Reached XP level 1. HP: 14/14 MP: 2/2
   222 | D:1      | Reached skill level 1 in Stealth
   500 | D:1      | Reached XP level 2. HP: 17/19 MP: 3/3
   505 | D:1      | Reached skill level 2 in Stealth
   734 | D:1      | Found an iron altar of Okawaru.
  1172 | D:2      | Reached XP level 3. HP: 24/24 MP: 4/4
  1299 | D:2      | D:2 and barely XL3
  1394 | D:3      | Reached skill level 3 in Stealth
  1462 | D:3      | Noticed Natasha
  1467 | D:3      | HP: 2/24 [giant cockroach (1)]
  1472 | D:3      | Killed from afar by Natasha

Vault maps used:
D:1:      minmay_arrival_hallway, okawaru_ov_weapons_minmay
D:3:      led_sif_pool, uniq_sigmund, uniq_jessica, uniq_natasha

Skill      XL: |  1  2  3 |
---------------+----------+-----
Stealth        | 1 2 3 |  3.1
Fighting       | |  2.0
Staves         | |  3.4
Throwing       | |  2.0
Dodging        | |  3.4

Action                   || total
-------------------------++-------
Melee: Quarterstaff      ||    98
  Use: Potion            ||     2
 Stab: Sleeping          ||     1
  Eat: Chunk             ||     2
Armor: Leather armour    ||    14
       Ring mail         ||    16
Dodge: Dodged            ||    81
